Map: Omicron

Players

Gracz

  • Race: Zerg Zerg
  • Spawn Location: 1:00

A.I. 1 (Hard)

  • Race: Zerg Zerg
  • Spawn Location: 9:00

VOD

Have the link to the VOD?

Description

Time

  • Played on: March 8, 2016, 9:15 a.m.
  • Length: 2:28
Show
View Real Time Build Order
Export as new Build Order

Gracz Zerg 

Build Orders: Pool First 

Get SALT Encoding   

  12  0:02  Drone  
  13  0:08  Drone  
  14  0:17  Overlord  
  14  0:37  Drone  
  14  0:38  Drone x2  
  17  0:57  Drone  
  17  0:59  Spawning Pool  
  17  1:00  Extractor  
  16  1:26  Drone  
  16  1:27  Drone x2  
  19  1:48  Roach Warren  
  19  1:50  Drone  
  19  1:51  Drone  
  20  2:08  Hatchery  
  21  2:20  Extractor  
Show
View Real Time Build Order
Export as new Build Order

A.I. 1 (Hard) Zerg 

Build Orders: Hatch First 

Get SALT Encoding   

  12  0:00  Drone  
  13  0:12  Overlord  
  13  0:17  Drone  
  14  0:30  Drone  
  14  0:32  Drone  
  14  0:34  Drone  
  17  0:54  Hatchery  
  17  0:55  Drone  
  17  1:09  Spawning Pool  
  16  1:11  Drone  
  16  1:15  Drone  
  16  1:17  Extractor  
  17  1:20  Drone  
  18  1:27  Overlord  
  18  1:38  Drone  
  19  1:56  Zergling x2  
  19  1:59  Zergling x2  
  23  2:02  Roach Warren  
  23  2:06  Drone  
  23  2:07  Extractor  
  22  2:10  Baneling Nest  
Tags
 
Add a new tag
Caveats
  • Supply blocks, unpowered buildings, or Contaminate may cause inaccurate times.
  • Supply counts are checked every 10 seconds.